 Dungeon Crawl Stone Soup version 0.32-a0-558-g233958a4c4 (webtiles) character file.

Game seed: 11739374845740701294

301 Sobieck the Digger (level 6, -16/45 HPs)
             Began as a Mountain Dwarf Earth Elementalist on Feb 29, 2024.
             Demolished by a gnoll sergeant
             ... wielding a +4 spear of venom
              (17 damage)
             ... on level 3 of the Dungeon.
             The game lasted 00:05:44 (2619 turns).

Sobieck the Digger (MDEE)                           Turns: 2619, Time: 00:05:44

Health: -16/45     AC:  6    Str: 11    XL:     6   Next: 14%
Magic:  5/11       EV: 10    Int: 17    God:
Gold:   162        SH:  0    Dex: 16    Spells: 8/12 levels left

rFire   . . .        h - +0 sling
rCold   . . .        (no shield)
rNeg    . . .        w - +0 ring mail
rPois   +            (no helmet)
rElec   .            s - +0 cloak
rCorr   .            (no gloves)
SInv    .            (no boots)
Will    .....        (no amulet)
Stlth   +            g - +6 ring of dexterity
HPRegen 0.27/turn    o - ring of poison resistance
MPRegen 0.12/turn

%: no passive effects
@: lethally poisoned (-16 -> -26)
A: runic magic, artefact enchanting
a: no special abilities


You were on level 3 of the Dungeon.
You visited 1 branch of the dungeon, and saw 3 of its levels.

You collected 162 gold pieces.

Inventory:

Hand Weapons
 c - a +0 short sword
 h - a +0 sling (weapon)
Armour
 a - a +0 robe
 i - a +0 scale mail
 s - a +0 cloak (worn)
 w - a +0 ring mail (worn)
Jewellery
 g - a +6 ring of dexterity (left hand)
 o - a ring of poison resistance (right hand)
Scrolls
 f - a scroll of enchant weapon {unknown}
 j - a scroll of teleportation {unknown}
 k - a scroll of enchant armour {unknown}
 l - a scroll of blinking {unknown}
 n - a scroll of fear {unknown}
 r - a scroll of revelation {unknown}
 t - a scroll of noise {unknown}
 u - a scroll of silence {unknown}
 v - a scroll of identify {unknown}
Potions
 b - a potion of magic
 d - 2 potions of curing {unknown}
 e - a potion of might {unknown}
 m - a potion of mutation {unknown}
 p - a potion of lignification {unknown}
 q - a potion of heal wounds {unknown}


   Skills:
 + Level 3.2 Armour
 - Level 1.3 Dodging
 - Level 1.4 Stealth
 * Level 3.5 Spellcasting
 - Level 0.8 Conjurations
 * Level 5.3 Earth Magic


You had 8 spell levels left.
You knew the following spells:

 Your Spells              Type           Power      Damage    Failure   Level
a - Sandblast             Erth           42%        2d11      2%          1
b - Stone Arrow           Conj/Erth      26%        3d8       17%         3

Your spell library contained the following spells:

 Spells                   Type           Power      Damage    Failure   Level
 Passwall                 Erth           21%        N/A       7%          3
 Brom's Barrelling Bould  Conj/Erth      13%        2d4       50%         4
 Petrify                  Alch/Erth      12%        N/A       56%         4


Dungeon Overview and Level Annotations

Branches:
Dungeon (3/15)

Altars:
Hepliaklqana


Innate Abilities, Weirdness & Mutations

Your spellcasting is much less encumbered by armour.
You can use scrolls of enchantment on lesser artefacts.


Message History

A gnoll sergeant is nearby!
Unknown command.
You shoot a sling bullet.
The sling bullet hits the gnoll sergeant but does no damage.
The gnoll sergeant shouts!
Unknown command.
Unknown command.
Unknown command.
Danger!
You shoot a sling bullet.
The sling bullet hits the gnoll sergeant but does no damage.
You shoot a sling bullet.
The sling bullet hits the gnoll sergeant but does no damage.
Things that are here:
a +0 flail; a gnoll corpse You shoot a sling bullet.
The sling bullet barely misses the gnoll sergeant.
The blast of sand misses the gnoll sergeant.
The gnoll sergeant hits you from afar with a +4 spear of venom!
* * * LOW HITPOINT WARNING * * *
The gnoll sergeant hits you but does no damage.
The blast of sand hits the gnoll sergeant but does no damage.
The gnoll sergeant hits you from afar with a +4 spear of venom!
* * * LOW HITPOINT WARNING * * *
You are too injured to fight recklessly!
Unknown command.
Okay, then.
Casting: Sandblast (safe; 2% risk of failure)
Confirm with . or Enter, or press ? or * to list all spells.
Aiming: Sandblast (safe; 2% risk of failure)
Press: ? - help, Shift-Dir - straight line, f/p - gnoll sergeant
Aim: a gnoll sergeant, wielding a +4 spear of venom and wearing a +0 ring mail (87% to hit)
The blast of sand hits the gnoll sergeant.
The gnoll sergeant is lightly wounded.
The gnoll sergeant hits you from afar with a +4 spear of venom!
* * * LOW HITPOINT WARNING * * *
You are lethally poisoned!
The gnoll sergeant hits you from afar with a +4 spear of venom.
* * * LOW HITPOINT WARNING * * *
Casting: Sandblast (safe; 2% risk of failure)
Confirm with . or Enter, or press ? or * to list all spells.
Aiming: Stone Arrow (dangerous; 17% risk of failure)
Press: ? - help, Shift-Dir - straight line, f/p - gnoll sergeant
Aim: a gnoll sergeant, wielding a +4 spear of venom and wearing a +0 ring mail (lightly wounded, 77% to hit)
The stone arrow hits the gnoll sergeant!
The gnoll sergeant is moderately wounded.
* * * LOW HITPOINT WARNING * * *
You feel very sick.
The gnoll sergeant hits you from afar with a +4 spear of venom!
You die...

....# #)######## ##### ##..#
##.## #.... ##..######## #...#
#.### ....#......# #...# #)#
###.#.####.# #...# #)#
###........# #...# #.###
..###..#.#)# #...####### #....
..###..#.#.######.........#######
..#...........g.@..)...........##
.##.##.##...........>........#.##
##♣.♣####..................#.#.##
#♣♣.♣♣#....######..........#.....
#♣..)♣###### #...######.###.#.
♣...♣ #...# #.....#. ♣.....♣
#...# #####... ♣).?♣.♣ #### #...#
#.#. ..♣....♣ #..# #...#
######.#.


You could see a gnoll sergeant.

Vanquished Creatures
  An orc priest (D:3)
  A hound (D:3)
  An orc wizard (D:3)
  10 gnolls
  4 adders (D:2)
  3 ribbon worms
  5 orcs (D:3)
  4 bats
  2 endoplasms (D:3)
  8 goblins
  6 hobgoblins
  7 jackals
  7 kobolds
  7 quokkas
  5 ball pythons
  3 frilled lizards (D:1)
  5 rats
79 creatures vanquished.

Notes
Turn   | Place    | Note
-------+----------+-------------------------------------------
     0 | D:1      | Sobieck the Mountain Dwarf Earth Elementalist began the
                  | quest for the Orb.
     0 | D:1      | Reached XP level 1. HP: 14/14 MP: 3/3
    39 | D:1      | Reached XP level 2. HP: 17/20 MP: 0/5
    70 | D:1      | Reached skill level 1 in Armour
   644 | D:1      | Reached XP level 3. HP: 26/26 MP: 3/6
   648 | D:1      | Learned a level 3 spell: Stone Arrow
   885 | D:2      | Found a faded altar of an unknown god.
   983 | D:2      | Reached skill level 4 in Earth Magic
   987 | D:2      | Reached XP level 4. HP: 27/33 MP: 0/7
  1355 | D:2      | Found a hazy altar of Hepliaklqana.
  1847 | D:3      | Reached skill level 3 in Spellcasting
  1847 | D:3      | Reached XP level 5. HP: 34/38 MP: 4/9
  2084 | D:3      | Reached skill level 3 in Armour
  2084 | D:3      | Reached skill level 5 in Earth Magic
  2484 | D:3      | Reached XP level 6. HP: 38/45 MP: 5/11
  2619 | D:3      | HP: 1/45 [poisoned by a gnoll sergeant]
  2619 | D:3      | Demolished by a gnoll sergeant

Illustrated notes

Levels and vault maps discovered:
D:1:      dpeg_arrival_fog, layout_rooms, serial_aquarium,
          aquarium_bridge_long_joined [aquarium_subvault_bridge,
          aquarium_subvault_window, aquarium_subvault_window,
          aquarium_subvault_wall, aquarium_subvault_bridge,
          aquarium_subvault_bridge], aquarium_window_fake,
          aquarium_window_corridor_3, aquarium_view_2c, aquarium_view_2f
D:2:      layout_basic, basic_altar, shapermc_ecumenical_altar_mp_urbaneastern,
          minmay_misc_feat_x, hangedman_abyss_or_decor_lesser_grid
D:3:      layout_loops_cross, pf_guarded_unrand_woodcutter

Skill      XL: |  1  2  3  4  5 |
---------------+----------------+-----
Spellcasting   | 2 3 |  3.5
Armour         | 1 2 3 |  3.2
Earth Magic    | 4 5 |  5.3
Dodging        | |  1.3
Stealth        | |  1.4
Conjurations   | |  0.8

Action                     |  1- 3 |  4- 6 || total
---------------------------+-------+-------++-------
  Melee: Unarmed           |    17 |       ||    17
         Short sword       |     4 |       ||     4
   Fire: Sling             |    41 |    54 ||    95
   Cast: Sandblast         |    34 |    65 ||    99
         Stone Arrow       |       |     1 ||     1
 Armour: Robe              |    18 |       ||    18
         Scale mail        |    24 |    16 ||    40
         Ring mail         |       |     9 ||     9
  Dodge: Dodged            |    45 |    20 ||    65

Table legend: (Time is in decaauts)
 A = Elapsed time spent in this place.
 B = Non-inter-level travel time spent in this place.
 C = Inter-level travel time spent in this place.
 D = Time resting spent in this place.
 E = Time spent auto-exploring this place.
 F = Levels seen in this place.
 G = Mean time per level.
                   A        B        C        D        E       F      G
               +--------+--------+--------+--------+--------+-----+--------+
         Total |   2725 |   2692 |     33 |     18 |   2047 |   3 |  908.3 |
       Dungeon |   2725 |   2692 |     33 |     18 |   2047 |   3 |  908.3 |
               +--------+--------+--------+--------+--------+-----+--------+

Top non-repeatable levels by time:
     D:3: 1092 daAuts
     D:2: 845 daAuts
     D:1: 787 daAuts
